 Dungeon Crawl Stone Soup version 0.27-a0-1296-g8ece459b43 (console) character file.

Game seed: 8840004248705006791

93 Hector the Skirmisher (level 4, -1/38 HPs)
             Began as a Djinni Abyssal Knight on June 16, 2021.
             Was a Believer of Lugonu.
             Slain by a hobgoblin (5 damage)
             ... on level 3 of the Dungeon.
             The game lasted 00:04:35 (2895 turns).

Hector the Skirmisher (Djinni Abyssal Knight)       Turns: 2895, Time: 00:04:35

Health: -1/38      AC:  5    Str: 11    XL:     4   Next: 91%
Gold:   48         EV: 11    Int: 14    God:    Lugonu [**....] SH:  0 Dex: 13

rFire    + + .     SeeInvis .   a - +1 falchion
rCold    x . .     Faith    .   (no shield)
rNeg     . . .     Spirit   .   b - +0 leather armour
rPois    ∞         Reflect  .   n - +1 helmet
rElec    .         Harm     .   (no cloak)
rCorr    .         Rampage  .   (no gloves)
Will     .....                  (boots unavailable)
Stlth    +.........             (no amulet)
HPRegen  0.12/turn              (no ring)
MPRegen  0.00/turn              (no ring)

@: flying
A: sickness immunity, fire resistance 2, cold vulnerability 1, float, innate
caster, hp casting, extra vitality 1
a: Renounce Religion, Depart the Abyss, Bend Space


You were on level 3 of the Dungeon.
You worshipped Lugonu.
Lugonu was pleased with you.
You visited 1 branch of the dungeon, and saw 3 of its levels.
You visited the Abyss 1 time.

You collected 48 gold pieces.

Inventory:

Hand Weapons
 a - a +1 falchion (weapon)
 c - a +0 dagger
Missiles
 i - 78 stones
 j - 38 sling bullets
Armour
 b - a +0 leather armour (worn)
 n - a +1 helmet (worn)
Scrolls
 e - a scroll of vulnerability {unknown}
 g - a scroll of noise {unknown}
Potions
 d - a potion of mutation
 f - a potion of degeneration {unknown}
 h - a potion of heal wounds {unknown}
 k - a potion of attraction {unknown}
 l - a potion of flight {unknown}
 o - a potion of brilliance {unknown}


   Skills:
 * Level 4.8 Fighting
 - Level 1.7 Long Blades
 - Level 1.0 Armour
 - Level 2.1 Dodging
 * Level 0.9 Spellcasting
 + Level 2.0 Invocations


You had 3 spell levels left.
You knew the following spells:

 Your Spells              Type           Power      Damage    Failure   Level
a - Animate Skeleton      Necr           6%         N/A       24%         1
Your spell library was empty.

Dungeon Overview and Level Annotations

Branches:
Dungeon (3/15)

Altars:

Annotations:
D:3 Terence


Innate Abilities, Weirdness & Mutations

You are immune to sickness and miasma.
You are immune to poison.
Your flesh is very heat resistant. (rF++)
You are vulnerable to cold. (rC-)
You float through the air rather than walking.
You learn spells naturally, not from books.
Your magical power is your life essence.
You have superior vitality. (+4 HP)


Message History

i - 78 stones (gained 2)
Things that are here:
a +0 dagger; a kobold corpse An orc comes into view.
It is wielding a +0 hand axe.
You see here 20 gold pieces.
A hobgoblin comes into view. It is wielding a +0 trident.
The orc shouts!
The hobgoblin shouts!
The orc shouts!
You barely miss the orc. The orc hits you with a +0 hand axe.
You barely miss the orc. The orc closely misses you.
The orc hits you but does no damage.
You hit the orc.
The orc is heavily wounded.
The orc hits you but does no damage. The orc closely misses you.
The hobgoblin hits you from afar with a +0 trident!
The orc closely misses you.
You riposte.
You closely miss the orc. The orc barely misses you.
You riposte.
You slash the orc!
You kill the orc!
Lugonu accepts your kill.
You closely miss the orc.
The hobgoblin hits you from afar with a +0 trident!
The orc closely misses you.
The hobgoblin hits you from afar with a +0 trident!
* * * LOW HITPOINT WARNING * * *
You are too injured to fight recklessly!
You are too injured to fight recklessly!
You are too injured to fight recklessly!
You are too injured to fight recklessly!
You completely miss the orc. The orc hits you but does no damage.
The hobgoblin hits you but does no damage.
You hit the orc.
The orc is moderately wounded.
The orc hits you but does no damage.
The hobgoblin hits you from afar with a +0 trident.
* * * LOW HITPOINT WARNING * * *
You slash the orc!
You kill the orc!
Lugonu accepts your kill.
The hobgoblin hits you from afar with a +0 trident.
You die...

..'........####.[.........
#........# #...........
###........# #...........
#. ...........#
##########..
.#.##.....#### ##.
..##....$#### . #.
#...........# .... .
#.###.......#..... #
#.........@)...... .
##........)....... .
#.......g......... .
#.................
#...<.............
#.................
##................
#................
#..............


You could see a hobgoblin.

Vanquished Creatures
  An orc priest (D:3)
  An adder (D:2)
  A worm (D:2)
  5 orcs
  6 endoplasms
  2 giant cockroaches
  4 goblins
  3 hobgoblins
  7 jackals
  2 ball pythons
  2 bats
  2 frilled lizards (D:1)
  4 kobolds
40 creatures vanquished.

Notes
Turn   | Place    | Note
-------+----------+-------------------------------------------
     0 | Abyss:1  | Hector the Djinni Abyssal Knight began the quest for the
                  | Orb.
     0 | Abyss:1  | Reached XP level 1. HP: 20/20 MP: 0/0
     9 | D:1      | Escaped the Abyss
   155 | D:1      | Reached XP level 2. HP: 21/25 MP: 0/0
  1264 | D:2      | Reached XP level 3. HP: 20/31 MP: 0/0
  1264 | D:2      | Learned a level 1 spell: Animate Skeleton
  1458 | D:2      | Found a faded altar of an unknown god.
  1495 | D:2      | Reached skill level 4 in Fighting
  1498 | D:2      | Reached ** piety under Lugonu
  2039 | D:3      | Noticed Terence
  2056 | D:2      | Reached XP level 4. HP: 6/37 MP: 0/0
  2895 | D:3      | Slain by a hobgoblin

Illustrated notes

Levels and vault maps discovered:
D:1:      dpeg_arrival_tiny_d, layout_loops_corners, dk_noncrumbling_3
D:2:      layout_rooms, ebering_ecumenical_altar_rust
D:3:      layout_basic, minivault_27, uniq_terence

Skill      XL: |  1  2  3  4 |
---------------+-------------+-----
Fighting       | 4 |  4.8
Invocations    | 2 |  2.0
Long Blades    | |  1.7
Armour         | |  1.0
Dodging        | |  2.1
Spellcasting   | |  0.9

Action                   |  1- 3 |  4- 6 || total
-------------------------+-------+-------++-------
Melee: Falchion          |    86 |    32 ||   118
  Use: Scroll            |     4 |       ||     4
Armor: Leather armour    |    43 |    11 ||    54
Dodge: Dodged            |    55 |    17 ||    72
       Rpst.: Falchion   |    17 |     7 ||    24

Table legend: (Time is in decaauts)
 A = Elapsed time spent in this place.
 B = Non-inter-level travel time spent in this place.
 C = Inter-level travel time spent in this place.
 D = Time resting spent in this place.
 E = Time spent auto-exploring this place.
 F = Levels seen in this place.
 G = Mean time per level.
                   A        B        C        D        E       F      G
               +--------+--------+--------+--------+--------+-----+--------+
         Total |   2925 |   2786 |    139 |    587 |   1801 |   4 |  731.2 |
       Dungeon |   2916 |   2777 |    139 |    587 |   1800 |   3 |  972.0 |
         Abyss |      9 |      9 |      0 |      0 |      1 |   1 |    9.0 |
               +--------+--------+--------+--------+--------+-----+--------+

Top non-repeatable levels by time:
     D:1: 1193 daAuts
     D:2: 1179 daAuts
     D:3: 544 daAuts
 Abyss:1: 9 daAuts
